AoeStats
← Thewanderero

Arena

507505983Analyzed
4v4 RM · 15d ago on Sep 18, 2026· 49m 21s· 8 players
Game mode
Random Map
Map size
Large (8 player)
Population
200
Speed
Normal
Resources
Standard
Victory
Conquest
Starting age
Dark Age
Ending age
Imperial Age
RankedLock teamsTeams togetherTeam positionsShared explorationLock speedFull tech treeHidden civsTurbo modeCheats
Victory
Defeat
🇺🇸 Jurchens · United States
1082
+18
🇨🇳 Malay · China
1036
+20
🇨🇳 Cumans · China
1014
+21
🇨🇳 Spanish · China
1001
+21
🇭🇰 Poles · Hong Kong SAR China
1195
-23
🇨🇱 Wei · Chile
1175
-22
🇧🇾 Poles · Belarus
1108
-19
🇺🇸 Bohemians · United States
1033
-16
nezbez
11:01 Feudal Age
11:27 Feudal Age
12:55 Loom
15:41 Castle Age
14:03 Double-Bit Axe
14:34 Horse Collar
17:16 Bow Saw
17:50 Wheelbarrow
17:53 Heavy Plow
23:41 Fletching
23:52 Padded Archer Armor
24:19 Bodkin Arrow
23:52 Elite Skirmisher
25:50 Leather Archer Armor
26:10 Pikeman
26:50 Squires
26:36 Arson
30:38 Scale Mail Armor
30:49 Forging
32:28 Chain Mail Armor
32:49 Iron Casting
33:44 Ballistics
34:24 Chemistry
36:07 Imperial Age
33:54 Hand Cart
35:15 Caravan
37:14 Conscription
39:23 Ring Archer Armor
39:24 Plate Mail Armor
43:28 Arson
45:12 Wagenburg Tactics
45:32 Halberdier
50:00 Blast Furnace
Thewanderero
11:16 Feudal Age
15:11 Castle Age
14:06 Double-Bit Axe
15:01 Horse Collar
16:19 Bow Saw
19:19 Wheelbarrow
18:30 Loom
21:08 Heavy Plow
23:07 Hand Cart
23:03 Scale Barding Armor
25:02 Fortified Wall
25:32 Treadmill Crane
26:03 Masonry
30:35 Imperial Age
28:10 Gold Mining
28:10 Stone Mining
29:31 Stone Mining
31:09 Szlachta Privileges
31:28 Chain Barding Armor
31:21 Bloodlines
32:14 Conscription
32:08 Husbandry
31:30 Cavalier
33:22 Capped Ram
35:39 Town Watch
37:42 Forging
38:27 Light Cavalry
41:40 Iron Casting
41:54 Crop Rotation
43:07 Lechitic Legacy
43:23 Hoardings
45:16 Stone Shaft Mining
44:15 Winged Hussar
46:12 Blast Furnace
46:03 Caravan
CORP_JuanLan
10:09 Loom
12:00 Feudal Age
16:26 Castle Age
14:50 Double-Bit Axe
14:54 Horse Collar
15:34 Gold Mining
16:04 Stone Mining
17:30 Wheelbarrow
18:45 Bow Saw
21:10 Fortified Wall
25:47 Heavy Plow
26:58 Town Watch
31:35 Imperial Age
29:23 Scale Barding Armor
31:00 Hand Cart
31:19 Forging
31:00 Fletching
31:52 Gold Shaft Mining
31:46 Chain Barding Armor
32:14 Tuntian
32:50 Conscription
32:07 Capped Ram
35:37 Iron Casting
34:58 Bodkin Arrow
35:42 Town Patrol
37:58 Gold Shaft Mining
39:50 Hoardings
39:43 Ming Guang Armor
39:32 Bodkin Arrow
40:24 Bracer
41:53 Blast Furnace
44:15 Scale Mail Armor
44:17 Squires
44:03 Arson
43:38 Pikeman
43:39 Man-at-Arms
45:03 Crop Rotation
45:27 Chain Mail Armor
45:28 Long Swordsman
45:29 Halberdier
46:11 Two-Handed Swordsman
47:53 Elite Tiger Cavalry
Vigil
9:09 Feudal Age
7:51 Loom
9:45 Double-Bit Axe
11:45 Fletching
11:44 Horse Collar
13:42 Man-at-Arms
21:19 Scale Mail Armor
sengfan
10:00 Feudal Age
11:53 Double-Bit Axe
14:24 Castle Age
13:34 Horse Collar
15:48 Bow Saw
21:26 Wheelbarrow
24:21 Hand Cart
25:15 Gold Mining
29:30 Imperial Age
27:33 Forging
27:29 Scale Barding Armor
28:40 Gold Shaft Mining
28:46 Forging
28:42 Scale Barding Armor
29:43 Padded Archer Armor
30:03 Stone Mining
31:56 Two-Man Saw
31:42 Stone Shaft Mining
31:48 Leather Archer Armor
31:59 Ballistics
33:10 Chemistry
31:41 Heavy Rocket Cart
32:27 Elite Fire Lancer
33:08 Squires
32:53 Gambesons
32:36 Pikeman
35:00 Halberdier
36:30 Conscription
36:51 Thunderclap Bombs
37:18 Bloodlines
37:09 Husbandry
40:16 Iron Casting
40:13 Ring Archer Armor
39:44 Scale Mail Armor
39:29 Light Cavalry
40:26 Siege Engineers
40:45 Hussar
43:53 Capped Ram
45:04 Siege Ram
48:16 Elite Steppe Lancer
阿兹特克的蛇
11:53 Feudal Age
16:16 Castle Age
16:18 Loom
19:15 Gold Mining
27:09 Wheelbarrow
27:14 Fletching
27:30 Double-Bit Axe
31:55 Imperial Age
30:44 Horse Collar
40:06 Hoardings
44:03 Bow Saw
陈先锋
9:50 Feudal Age
8:08 Loom
11:07 Double-Bit Axe
20:27 Castle Age
19:48 Gold Mining
19:40 Horse Collar
20:30 Capped Ram
22:37 Bow Saw
22:26 Stone Mining
23:04 Heavy Plow
25:01 Bloodlines
25:59 Scale Barding Armor
26:04 Forging
28:25 Chain Barding Armor
29:13 Town Watch
30:03 Wheelbarrow
30:58 Gold Shaft Mining
34:56 Imperial Age
32:47 Hand Cart
32:32 Town Patrol
35:59 Iron Casting
36:43 Two-Man Saw
36:15 Crop Rotation
35:59 Elite Steppe Lancer
36:47 Siege Ram
37:07 Cavalier
39:01 Plate Barding Armor
40:40 Blast Furnace
40:49 Paladin
42:31 Conscription
42:12 Steppe Husbandry
42:59 Light Cavalry
43:56 Hussar
平A流
10:55 Feudal Age
11:17 Loom
13:32 Man-at-Arms
17:48 Horse Collar
24:55 Castle Age
24:24 Forging
28:17 Squires
30:09 Heavy Plow
29:59 Double-Bit Axe
31:47 Wheelbarrow
31:52 Heavy Plow
33:52 Gold Mining
38:24 Imperial Age
36:36 Bow Saw
37:38 Hand Cart
37:46 Stone Mining
39:39 Crop Rotation
40:23 Conscription
40:21 Elite Battle Elephant
43:10 Iron Casting
42:41 Scale Barding Armor
43:47 Husbandry
47:15 Blast Furnace
47:15 Gold Shaft Mining
Connection lost

Rejoining the realm…

Still unreachable

The connection could not be restored.

Session expired

The server has moved on; the page needs a fresh start.